[Event "1st FIDE Olympiad DIS 2023"]
[Site "Belgrade"]
[Date "2023.01.30"]
[Round "1.11"]
[White "Wambalo Wong"]
[Black "Morariu, Ionel"]
[Result "0-1"]
[ECO "A46"]
[WhiteElo "1337"]
[BlackElo "1915"]
[Annotator "TA"]
[PlyCount "104"]
[EventDate "2023.01.30"]
[EventType "team-tourn"]
[EventCountry "SRB"]
[SourceTitle "playchess.com"]
[Source "ChessBase"]
[SourceQuality "1"]
[WhiteTeam "Kenya"]
[BlackTeam "Romania"]
[WhiteTeamCountry "KEN"]
[BlackTeamCountry "ROU"]
[TimeControl "40/5400+30:1800+30"]

1. d4 Nf6 2. Bf4 d6 3. Nf3 Nbd7 4. e3 c6 5. Bd3 Qc7 6. Nbd2 {[%emt 0:01:15][%cal Bb1d2,Bd2c4,Bc4e5][%mdl 32] A46: 1 d4 Nf6 2 Nf3 e6: Torre, London and Colle Systems.} e5 7. dxe5 dxe5 8. Bg3 {[%emt 0:01:26] The position is equal.} Nh5 {[%emt 0:01:00] [#]} (8... g6 $14) 9. Be2 $146 (9. Ng5 $1 $16 Nxg3 10. hxg3) ({Predecessor:} 9. Bh4 Nhf6 10. O-O Be7 11. h3 O-O 12. Bg3 Nd5 13. Nc4 f6 14. Nd4 N7b6 15. Qh5 {0-1 Hidegh,G (2130)-Imecs,L (2177) HUN-chT2 Maroczy 0203 2002 (2.9)}) 9... Nxg3 $11 10. hxg3 Nf6 11. Nc4 e4 $1 12. Nd4 Bd7 13. Qd2 (13. Nd2 $11) 13... Rd8 14. Qa5 $2 (14. Qc3 $15) 14... b6 $2 (14... Qxa5+ $19 15. Nxa5 Bb4+ 16. c3 Bxa5) 15. Qe5+ $16 Qxe5 16. Nxe5 Rc8 17. O-O-O Bc5 {[%emt 0:01:18] [#]} 18. Ndxc6 $1 Bxc6 19. Nxc6 O-O {[%emt 0:01:26] Black is weak on the light squares} (19... Rxc6 $2 20. Bb5 $18) 20. Ne5 Rc7 21. Ng4 Nd7 22. Bb5 Nb8 23. Bc4 g6 {[%emt 0:01:44] [#]} 24. Bxf7+ $2 Rcxf7 $11 25. Nh6+ Kg7 26. Nxf7 Rxf7 27. Rd2 (27. Rhf1 $11) 27... Nc6 (27... Nd7 $1 $15) 28. a3 (28. Rh4 $1 $11) 28... Ne5 $15 {[%emt 0:01:24][%mdl 1024] Black has compensation.} 29. Kd1 $2 (29. Rh4 $1 $11 {and White is okay.}) 29... Nc4 $1 $19 {[%emt 0:00:28][%csl LRb2,LRd2][%mdl 64] Deflection, Double Attack} 30. Rd5 Nxb2+ 31. Ke2 Nc4 (31... Bxa3 $2 {is the wrong capture.} 32. Rd4 $19) (31... Na4 $142 32. Rd8 Nc3+ 33. Kd2 Rc7) 32. a4 Kf6 33. Rhd1 Ke6 {[%emt 0:00:30] ...Nb2 would be deadly.} 34. Rd8 Re7 {[%emt 0:02:14] Prevents Re8} 35. Rh1 h5 36. Rh4 Kf6 $1 37. Rf4+ Ke5 ({Better is} 37... Kg7 $1 $19 38. Rff8 Re6) 38. Rff8 (38. g4 $17) 38... Nd6 39. f4+ {[%emt 0:01:39] [#]} (39. Rg8 $17 Kf6 40. c3) 39... Ke6 $1 40. Rg8 Kf6 41. Rgf8+ Nf7 42. Rd5 Ke6 43. Rd1 Nh6 {[%emt 0:01:04] Strongly threatening ...Nf5.} 44. Rfd8 (44. Rdd8 $142) 44... Ng4 45. R1d5 Bxe3 $2 ({Not} 45... Nxe3 46. Rxc5 bxc5 47. Kxe3 $14) (45... Rc7 $19 46. Rg5 Be7 47. Rxg4 hxg4) 46. R5d6+ (46. R8d6+ $1 $11 Kf7 47. Rg5) 46... Kf7 $17 {[%emt 0:00:44] ...Bc5 is the strong threat.} 47. R6d7 $2 (47. R8d7 $17 {was the only defense.}) 47... Bf2 {[%emt 0:00:49] And now ...a5 would win.} 48. Rxe7+ Kxe7 49. Ra8 {[%emt 0:01:55] [#]} (49. Rg8 {was the crucial defense.}) 49... a5 $1 $19 {[%emt 0:00:23] Black is clearly winning.} (49... Bxg3 50. Rxa7+ Kd6 51. Rb7 $15) 50. Rb8 Bc5 ({Weaker is} 50... Bxg3 51. Rb7+ Ke6 52. Rxb6+ Kd5 53. Rb5+ Kc4 54. Rxa5 $15) 51. Rg8 Kf7 52. Rd8 Ne3 {[%emt 0:00:43] Weighted Error Value: White=0.81/Black=0.43} 0-1

[Event "1st FIDE Olympiad DIS 2023"]
[Site "Belgrade"]
[Date "2023.01.30"]
[Round "1.12"]
[White "Vuljanic, Ana"]
[Black "Petrovic, Vladan"]
[Result "0-1"]
[ECO "D52"]
[WhiteElo "1613"]
[BlackElo "1818"]
[Annotator "NA RC COMBH"]
[PlyCount "107"]
[EventDate "2023.01.30"]
[EventType "team-tourn"]
[EventCountry "SRB"]
[SourceTitle "playchess.com"]
[Source "ChessBase"]
[SourceQuality "1"]
[WhiteTeam "Croatia"]
[BlackTeam "Serbia"]
[WhiteTeamCountry "CRO"]
[BlackTeamCountry "SRB"]
[TimeControl "40/5400+30:1800+30"]

1. d4 d5 2. c4 e6 3. Nc3 Nf6 4. Bg5 Nbd7 5. e3 c6 6. Nf3 Qa5 7. Bxf6 Nxf6 8. Nd2 Bd6 9. Qc2 O-O 10. Bd3 h6 11. h3 Re8 12. f4 (12. c5 $11 Be7 13. f4) 12... dxc4 ({Better is} 12... c5 $1 $15) 13. Nxc4 Qd8 14. Nxd6 Qxd6 15. Ne4 Nxe4 16. Bxe4 Qb4+ 17. Qd2 Qb6 18. Rc1 Rd8 19. Qc3 Bd7 20. O-O Be8 21. Bb1 Rd5 22. a3 a5 23. Bd3 Qd8 24. Kh2 c5 25. Be4 cxd4 26. exd4 Rxd4 27. Bxb7 Rb8 28. Qc7 Rd2 29. Qxd8 Rbxd8 30. b4 axb4 31. axb4 Rb2 32. Rc7 Rxb4 33. Rfc1 Rxf4 34. R1c2 Rfd4 35. Rc8 Kf8 36. Ba6 Rxc8 37. Rxc8 Ke7 38. Bb7 Bb5 39. Bf3 Bc4 40. Rc7+ Kf6 41. Bh5 g6 42. Bf3 Bd3 43. Kg1 Be4 44. Be2 Rd2 45. Bf1 Bd5 46. Ra7 h5 47. Rd7 g5 48. Rd8 g4 49. hxg4 $19 hxg4 50. Kh2 Ke5 51. Kg3 f5 52. Rf8 Rb2 53. Rf7 Rb3+ 54. Kf2 0-1

[Event "1st FIDE Olympiad DIS 2023"]
[Site "Belgrade"]
[Date "2023.01.30"]
[Round "1.13"]
[White "Jankunas, Tomas"]
[Black "Gora, Tapiwa"]
[Result "0-1"]
[ECO "B01"]
[WhiteElo "2127"]
[BlackElo "1959"]
[Annotator "TA"]
[PlyCount "84"]
[EventDate "2023.01.30"]
[EventType "team-tourn"]
[EventCountry "SRB"]
[SourceTitle "playchess.com"]
[Source "ChessBase"]
[SourceQuality "1"]
[WhiteTeam "ICCD"]
[BlackTeam "Zimbabwe"]
[WhiteTeamCountry "LTU"]
[BlackTeamCountry "ZIM"]
[TimeControl "40/5400+30:1800+30"]

1. e4 d5 2. exd5 Nf6 3. d4 Bg4 4. Nf3 Qxd5 5. Be2 Nc6 6. c4 Qf5 7. Be3 {[%emt 0:04:12] B01: Scandinavian Defence.} e6 (7... e5 $11 8. dxe5 Bb4+ 9. Nbd2 Bxf3 10. exf6 (10. Bxf3 Nxe5 11. O-O Bxd2 $17) 10... Bxe2 11. fxg7 O-O-O 12. gxh8=R (12. gxh8=Q Bxd1 $11) (12. Qxe2 $2 Rhe8 $19) 12... Bxd1 13. Rxd8+ Nxd8 14. Rxd1 Bxd2+ {[%mdl 64] Remove Defender} 15. Rxd2 (15. Kxd2 Qa5+ 16. Ke2 Qxa2 $17) 15... Qb1+ 16. Rd1 Qxa2) 8. Nc3 Be7 {[%emt 0:12:55] [#]} 9. h3 $146 {[%emt 0:02:56] White is slightly better.} ({Predecessor:} 9. Qb3 Nb4 10. O-O-O O-O 11. a3 Nc6 12. Qxb7 Na5 13. Qb5 Rab8 14. Qxf5 Bxf5 15. b4 {1-0 Juhnke,J (2286)-Heinemann,E (2220) Oberliga Nord W 0506 2005 (5.5)}) 9... Bxf3 10. Bxf3 {[%emt 0:00:10] g4 would be deadly.} Nb4 (10... O-O $14) 11. O-O c6 12. Rc1 {[%emt 0:12:38] Prevents Nc2.} Nd3 {[%emt 0:10:44] [#]} (12... Rd8 $16) 13. Qb3 $1 $18 Nxc1 (13... O-O 14. Rcd1) 14. Qxb7 O-O 15. Rxc1 (15. Qxe7 Nd3 $14) 15... Bd6 16. Qxc6 (16. Bxc6 Rab8 17. Qxa7 Rxb2 $11) 16... Rad8 17. Ne4 (17. g4 $18 Qg6 18. Bd1) 17... Nxe4 $16 18. Bxe4 Qa5 19. Bb1 Qb4 20. b3 Rfe8 21. Qf3 Be7 22. Be4 Bf6 23. Rd1 Qc3 24. Bc6 Re7 25. d5 exd5 26. cxd5 Be5 27. g3 Bd6 28. Kg2 Qa5 29. a4 Qb4 30. Bd4 (30. Bg5 $16) 30... Kf8 {[%emt 0:00:58] [#]} (30... Be5 $11 {keeps the balance.} 31. Bxe5 Rxe5) 31. Qg4 (31. Qd3 $142 $1 Kg8 32. Bb5) 31... f6 32. Rd3 Qe1 (32... Be5 $14) 33. Be3 {[%emt 0:00:53] A strong pair of Bishops.} (33. Rd1 $6 Qb4 $16) (33. Qf5 $18) 33... Qb1 34. Qc4 Kf7 (34... Kg8 $16) 35. a5 (35. Bd2 $18) 35... Qe1 36. a6 Rb8 37. Bb7 Rc7 $2 (37... Rbe8 $16 {is a better defense.}) 38. Qe4 $2 (38. Qg4 $18 {aiming for Qe6+.} Re8 39. Rd1 (39. Bxa7 $2 Rc1 $19) 39... Rxe3 40. Rxe1 Rxe1 41. b4) 38... Re8 $11 39. Qxh7 Rc2 $40 {[%emt 0:02:49][%mdl 128] Black has some attack. Dancing on a razor blade.} 40. Qh5+ $1 (40. Bxa7 Rc1 41. Qh5+ Kg8 $19) 40... Kf8 41. Qf3 (41. Bxa7 $2 Rc1 42. Qh8+ Kf7 43. Qh5+ Kg8 $19) (41. Qh8+ $1 $11 Kf7 42. Qh5+ Kf8 43. Qh8+ (43. Bxa7 $2 {too greedy.} Rc1 $19) 43... Kf7 44. Qh5+) 41... Re5 (41... Rb2 $1 $15 42. Bh6 Rxf2+ 43. Qxf2 Re2 {[%mdl 64] Pin}) 42. Rd1 $2 (42. Bxa7 $2 {is the wrong capture.} Rc1 $19) (42. h4 $11 Kg8 43. Bc6 (43. Bxa7 $2 {loses.} Rc1 $19)) 42... Qxe3 {[%emt 0:00:00] Artfully played by Gora.   Weighted Error Value: White=0.40/Black=0.31} 0-1

[Event "1st FIDE Olympiad DIS 2023"]
[Site "Belgrade"]
[Date "2023.01.30"]
[Round "1.13"]
[White "Zaynidinov, Sirojiddin"]
[Black "Severino, Sander"]
[Result "0-1"]
[ECO "B15"]
[WhiteElo "2042"]
[BlackElo "2364"]
[Annotator "TA"]
[PlyCount "90"]
[EventDate "2023.01.30"]
[EventType "team-tourn"]
[EventCountry "SRB"]
[SourceTitle "playchess.com"]
[Source "ChessBase"]
[SourceQuality "1"]
[WhiteTeam "Uzbekistan"]
[BlackTeam "Philippines"]
[WhiteTeamCountry "UZB"]
[BlackTeamCountry "PHI"]
[TimeControl "40/5400+30:1800+30"]

1. e4 c6 2. d4 d5 3. Nc3 dxe4 4. Nxe4 Nf6 5. Nxf6+ exf6 6. Nf3 Bd6 7. Qe2+ {[%emt 0:10:59] B15: Caro-Kann: 3 Nc3: 3...g6 and 3...dxe4 4 Nxe4 Nf6 5 Nxf6+ exf6.} Be6 8. Be3 O-O 9. Qd2 {[%emt 0:02:10] [#] The position is equal.} Nd7 $146 ({Predecessor:} 9... Re8 10. Be2 Nd7 11. O-O Nf8 12. c4 Rc8 13. Rac1 Bb8 14. Rfd1 Ng6 15. Qb4 b6 {0-1 Isik,K (1820)-Sahin,F (1555) TUR Cup Antalya 2019 (8)}) 10. Be2 Nb6 11. O-O Nd5 12. c4 Nxe3 13. fxe3 Re8 14. Bd3 c5 15. Rae1 Rc8 {[%emt 0:01:55] White should prevent ...cxd4.} 16. b3 Qc7 17. Kh1 Rcd8 18. Qf2 h6 19. Qh4 (19. d5 $5 Bc8 20. Rg1 $11) 19... Bc8 20. Bb1 Qa5 21. Qh5 b6 22. d5 Qc3 23. e4 $1 {[%emt 0:00:27] White is weak on the dark squares} Re7 24. Nh4 Re5 (24... Rde8 {with more complications.} 25. Rd1 Qb2 26. Qf3 Qe5) 25. Qf3 Qxf3 26. Rxf3 Rde8 27. Ref1 Bg4 28. R3f2 Rh5 $36 {[%emt 0:05:22][%mdl 2048] Black has good play.} 29. Nf3 (29. g3 $1 $15 {is superior.}) 29... Bxf3 $17 30. gxf3 Bf4 31. Bd3 Kf8 32. Re2 Rh3 33. Rff2 Re5 {[%emt 0:00:32] Black has more active pieces.} 34. Rb2 Be3 35. Bf1 Rh4 36. Rg2 Bd4 37. Rbe2 Rf4 38. Rg3 h5 39. Kg2 g6 40. a3 Ke7 41. b4 (41. Rd2 $17) 41... Kd6 $19 42. b5 (42. Rd2 $142) 42... f5 43. exf5 Rexf5 {[%emt 0:00:00] [#] White must now prevent ...h4.} ({And not} 43... Rfxf5 44. Rxe5 Bxe5 45. Bd3 $19) 44. Re8 h4 45. Rh3 (45. Bd3 $142 hxg3 46. Bxf5 Rxf5 47. hxg3) 45... Rg5+ {[%emt 0:00:00] Weighted Error Value: White=0.32/Black=0.07 (flawless)} 0-1

[Event "1st FIDE Olympiad DIS 2023"]
[Site "Belgrade"]
[Date "2023.01.30"]
[Round "1.14"]
[White "Lopez, Henry"]
[Black "Mamarajabov, Sardorbek"]
[Result "1-0"]
[ECO "D44"]
[WhiteElo "2102"]
[BlackElo "1712"]
[Annotator "TA"]
[PlyCount "49"]
[EventDate "2023.01.30"]
[EventType "team-tourn"]
[EventCountry "SRB"]
[SourceTitle "playchess.com"]
[Source "ChessBase"]
[SourceQuality "1"]
[WhiteTeam "Philippines"]
[BlackTeam "Uzbekistan"]
[WhiteTeamCountry "PHI"]
[BlackTeamCountry "UZB"]
[TimeControl "40/5400+30:1800+30"]

1. d4 d5 2. Nf3 Nf6 3. c4 c6 4. Nc3 e6 5. Bg5 dxc4 6. e4 b5 7. e5 h6 8. Bh4 g5 9. Nxg5 hxg5 10. Bxg5 Nbd7 11. g3 Bb7 12. Bg2 Qb6 13. exf6 O-O-O 14. O-O c5 15. d5 b4 16. Rb1 Qa6 17. dxe6 Bxg2 18. e7 $1 {[%emt 0:01:28] The board is on fire.} (18. exd7+ Rxd7 19. Qa4 Qxa4 20. Nxa4 Bc6 $19) 18... Qc6 {[%emt 0:12:36][%mdl 8192] D44: Semi-Slav: Botvinnik System.} (18... bxc3 $2 19. exd8=Q+ (19. exd8=B $2 Qe6 $19) 19... Kxd8 20. Kxg2 $18) ({Black should play} 18... Bxf1 $14 19. Kxf1 Bxe7 20. fxe7 Rdg8) 19. Nb5 $18 {[%emt 0:04:47][%mdl 64] [#] Promotion. White is clearly winning.} ({Not} 19. exd8=Q+ Kxd8 20. Re1 bxc3 21. bxc3 Bd6 $17) (19. exd8=B $2 Bxf1 20. Qd5 (20. Qxf1 $2 Ne5 $19) 20... Qxd5 21. Nxd5 Bd3 $19) 19... Qxb5 20. exd8=Q+ (20. exd8=N Bxf1 21. Nxf7 Rh7 $14) ({Don't play} 20. exd8=R+ Kxd8 21. Kxg2 Qc6+ 22. f3 Bd6 $18) 20... Kxd8 21. Kxg2 {[%emt 0:00:15] Qd5 is the strong threat.} Qc6+ 22. f3 Bd6 23. Qe2 {[%emt 0:06:42] [#]} Qd5 $146 (23... a5 $142 24. Qxc4 Ne5) ({Predecessor:} 23... Rg8 24. h4 Ne5 25. Rbd1 Nd3 26. b3 Re8 27. Qd2 Qd5 28. bxc4 Qe5 29. f4 Qe4+ {1-0 Fernandez,D (2317)-Santos,M (2305) Sao Paulo Communic 6th 2004 (3)}) 24. Rbd1 {[%emt 0:05:18][%mdl 64] [#] Deflection} Qf5 25. Rxd6 {[%emt 0:00:24] Black got outplayed after the opening. Beautiful play by Lopez!   Weighted Error Value: White=0.00 (flawless) /Black=1.33} 1-0

[Event "1st FIDE Olympiad DIS 2023"]
[Site "Belgrade"]
[Date "2023.01.30"]
[Round "1.14"]
[White "CHIKAFU, ONAI"]
[Black "Moldovanovic, Dragan"]
[Result "0-1"]
[ECO "C11"]
[WhiteElo "1494"]
[BlackElo "2019"]
[Annotator "TA"]
[PlyCount "122"]
[EventDate "2023.01.30"]
[EventType "team-tourn"]
[EventCountry "SRB"]
[SourceTitle "playchess.com"]
[Source "ChessBase"]
[SourceQuality "1"]
[WhiteTeam "Zimbabwe"]
[BlackTeam "ICCD"]
[WhiteTeamCountry "ZIM"]
[BlackTeamCountry "SRB"]
[TimeControl "40/5400+30:1800+30"]

1. e4 e6 2. d4 d5 3. Nc3 Nf6 4. e5 Nfd7 5. Nf3 c5 6. Bd3 {[%emt 0:02:33] C11: French: Classical System: 4 e5 and 4 Bg5 dxe4.} (6. Ne2 $11) 6... cxd4 $17 7. Nb5 Nc6 8. Qe2 {[%emt 0:01:55] [#] Black is better.} Bb4+ $146 ({Predecessor:} 8... Qb6 9. O-O a6 10. Na3 Be7 11. Nb1 Nc5 12. a3 Bd7 13. Re1 Nxd3 14. Qxd3 a5 {0-1 Kurth,M (1950)-Keuchen,M (2036) Harburg-chB 12th 2017 (3)}) 9. Bd2 Bxd2+ 10. Nxd2 Ndxe5 11. Nxd4 O-O 12. N2f3 $2 (12. Nxc6 $17 Nxc6 13. O-O) 12... Nxf3+ $19 13. Nxf3 {[%emt 0:01:11] [#]} e5 $1 {[%emt 0:00:22][%mdl 512] Strongly threatening ...e4.} 14. Bb5 ({But not} 14. Nxe5 Nxe5 15. O-O Re8 $19) (14. O-O-O Qf6) 14... e4 15. O-O exf3 16. Qxf3 Nd4 17. Qd3 Nxb5 18. Qxb5 b6 19. Rfe1 Be6 20. Rad1 Qc7 21. c3 Qc4 22. Qxc4 dxc4 23. Rd4 Rfd8 24. Red1 Rxd4 25. Rxd4 {[%emt 0:00:31][%mdl 4096] Endgame KRB-KR} Kf8 26. f3 Ke7 27. Kf2 b5 28. Ke3 Rb8 29. a3 a5 30. g4 g5 {[%emt 0:00:52] ...Rd8 would be deadly.} 31. h3 b4 32. axb4 axb4 33. f4 gxf4+ 34. Rxf4 bxc3 35. bxc3 Rd8 36. Rf3 Rd3+ 37. Ke2 Rxf3 38. Kxf3 {[%emt 0:00:20] KB-K3P} Kf6 39. Kf4 Kg6 40. h4 h5 41. g5 f6 42. gxf6 Kxf6 {[%emt 0:00:34] KB-KPP} 43. Ke4 Bf5+ 44. Kf4 Bd3 45. Ke3 Ke5 46. Kf3 Kf5 47. Kg3 Ke4 48. Kf2 Kf4 49. Kg2 Kg4 50. Kf2 Kxh4 {[%emt 0:00:08] KB-KP} 51. Kf3 Kg5 52. Kg3 h4+ 53. Kf3 Bf5 54. Ke3 Kg4 55. Kf2 h3 56. Kg1 Kg3 57. Kf1 h2 58. Ke2 h1=Q 59. Ke3 Qg1+ 60. Kd2 Qf2+ 61. Kd1 Kf3 {[%emt 0:00:19] Black took control after the opening.   Weighted Error Value: White=0.51/Black=0.06 (flawless)} 0-1

[Event "1st FIDE Olympiad DIS 2023"]
[Site "Belgrade"]
[Date "2023.01.30"]
[Round "1.15"]
[White "Shayusupov, Marsel"]
[Black "Bernardo, Darry"]
[Result "0-1"]
[ECO "D47"]
[WhiteElo "1580"]
[BlackElo "2070"]
[Annotator "TA"]
[PlyCount "100"]
[EventDate "2023.01.30"]
[EventType "team-tourn"]
[EventCountry "SRB"]
[SourceTitle "playchess.com"]
[Source "ChessBase"]
[SourceQuality "1"]
[WhiteTeam "Uzbekistan"]
[BlackTeam "Philippines"]
[WhiteTeamCountry "UZB"]
[BlackTeamCountry "PHI"]
[TimeControl "40/5400+30:1800+30"]

1. d4 d5 2. c4 c6 3. Nf3 Nf6 4. e3 e6 5. Nc3 Nbd7 6. Bd3 dxc4 7. Bxc4 b5 8. Bb3 Bb7 9. O-O a6 {[%emt 0:03:59] D47: Semi-Slav: Meran System.} (9... Be7 $11) 10. Re1 ({Better is} 10. e4 $14) 10... c5 $1 $11 11. d5 (11. e4 $1 $11) 11... c4 $15 {[%emt 0:10:37] Black is slightly better.} 12. dxe6 $1 {[%emt 0:00:12][%mdl 64] Discovered Attack} fxe6 13. Bc2 Bb4 {[%emt 0:01:55] [#]} ({Black should play} 13... Bc5 $15) 14. Ng5 $146 (14. e4 $11) ({Predecessor:} 14. e4 O-O 15. e5 Ng4 16. Bxh7+ Kh8 17. Be4 Qb6 18. Be3 Nxe3 19. Rxe3 Nc5 20. Ng5 Bxe4 21. Qh5+ Kg8 22. Ncxe4 Rf5 23. Nf6+ {1-0 Yen,M (1969)-Lee,S (1592) Windsor NAYCC U16 2016 (1.46)}) 14... Qe7 15. f4 {[%emt 0:00:32] White is on the road to losing.} (15. a4 $15) 15... Rd8 16. Qe2 O-O 17. e4 {[%emt 0:06:32] [#]} (17. Bd2 $142) 17... e5 $1 $17 18. f5 Nc5 {[%emt 0:00:36] Wards off Ne6} 19. Bd2 (19. a3 {is a better defense.} Ba5 20. Be3) 19... h6 $19 20. Nh3 Bxc3 21. Bxc3 Ncxe4 (21... Bxe4 $2 {perishes.} 22. Ba5 Rd4 23. Bc3 $19) 22. Ba5 Qc5+ 23. Kh1 Rd4 {[%emt 0:01:56] ...b4 would be deadly.} 24. a3 Qc6 {[%emt 0:03:19] Hoping for ...c3.} 25. Rad1 Re8 26. Bb1 Qd7 27. Bb6 Rxd1 28. Rxd1 Qxf5 29. Kg1 Qe6 30. Be3 Qc6 31. Qf3 Qc8 {[%emt 0:02:06][%cal Oe4c3] aiming for ...Nc3!} 32. Bxe4 Nxe4 (32... Bxe4 $2 {is the wrong capture.} 33. Qg3 $19) 33. Qh5 Nf6 34. Qg6 Be4 35. Qg3 Ng4 36. Nf2 Nxf2 37. Bxf2 Qc6 {[%emt 0:00:51] Inhibits Rd6. White must now prevent ...Re6.} 38. Qg4 Re6 {[%emt 0:00:31] Threatens to win with ...Rg6.} 39. Re1 Bd5 {[%emt 0:00:18] And now ...Rg6 would win.} 40. Bg3 $2 (40. g3 {might work better.}) 40... Bxg2 {[%emt 0:01:04] Strongly threatening ...Bf3.} 41. Rxe5 Rf6 42. Re1 {[%emt 0:01:36] Prevents Rf1+.} Kh7 ({Don't blunder} 42... c3 $2 43. bxc3 Kh7 44. h4 $19) 43. Qe2 (43. Qh5 $142) 43... Bh3 44. Qc2+ Rg6 45. Rd1 Qc5+ 46. Qf2 Qh5 47. Rd8 Rf6 48. Qc2+ g6 {[%emt 0:00:00][%csl Gh3][%cal Rf6f1] Black mates.} 49. Rd1 Qf3 50. Re1 {[%emt 0:00:00] [#]} Qf1+ $3 {[%emt 0:00:00][%mdl 576] Back Rank. A cool game by Bernardo.   Weighted Error Value: White=0.72/Black=0.29 (precise)} 0-1

[Event "1st FIDE Olympiad DIS 2023"]
[Site "Belgrade"]
[Date "2023.01.30"]
[Round "1.16"]
[White "Mendoza, Cheyzer Crystal J."]
[Black "Kimsanboyev, Axadxon"]
[Result "1/2-1/2"]
[ECO "B22"]
[WhiteElo "1639"]
[BlackElo "1600"]
[Annotator "NA RC COMBH"]
[PlyCount "125"]
[EventDate "2023.01.30"]
[EventType "team-tourn"]
[EventCountry "SRB"]
[SourceTitle "playchess.com"]
[Source "ChessBase"]
[SourceQuality "1"]
[WhiteTeam "Philippines"]
[BlackTeam "Uzbekistan"]
[WhiteTeamCountry "PHI"]
[BlackTeamCountry "UZB"]
[TimeControl "40/5400+30:1800+30"]

1. e4 c5 2. c3 Nf6 3. e5 Nd5 4. d4 cxd4 5. cxd4 e6 6. Nf3 b6 7. Be2 Bb7 8. O-O Be7 9. Nc3 Nxc3 10. bxc3 O-O 11. c4 d5 12. Qb3 dxc4 13. Qxc4 Ba6 14. Qc2 Bxe2 15. Qxe2 Nc6 16. Bb2 Nb4 17. a3 Nd5 18. Qe4 Qd7 19. h4 h6 20. Rae1 Rac8 21. Qd3 Qa4 22. Rc1 b5 23. g4 Rc4 24. h5 Rfc8 25. Kh2 Rc2 26. Rb1 Rxb2 27. Rxb2 Rc3 28. Qe2 Nf4 29. Qe4 Qxa3 30. Qxf4 Qxb2 31. Kg2 b4 32. Qe4 Qc2 33. Qa8+ Bf8 34. Qb7 Rc7 35. Qb8 Qc6 36. Rd1 Rc8 37. Qxa7 Ra8 38. d5 Qxd5 39. Rxd5 Rxa7 40. Rb5 Rc7 41. Nd2 Rc2 42. Ne4 Rb2 43. Rb8 Rc2 44. Kf3 Rc7 45. Ke3 Rd7 46. g5 hxg5 47. h6 Rd5 48. Rxf8+ Kh7 49. Rxf7 Kxh6 50. Rb7 Rxe5 51. Rxb4 Kg6 52. Rc4 Ra5 53. Rc5 Ra3+ 54. Ke2 Ra6 55. Rxg5+ Kf7 56. f4 Rb6 57. Rc5 Rb3 58. Rc3 Rxc3 59. Nxc3 e5 60. fxe5 Ke6 61. Kf3 Kxe5 62. Ne4 g5 63. Nxg5 1/2-1/2

[Event "1st FIDE Olympiad DIS 2023"]
[Site "Belgrade"]
[Date "2023.01.30"]
[Round "1.17"]
[White "Zambo, Zoltan Istvan"]
[Black "Sahin, Handenur"]
[Result "1-0"]
[ECO "D23"]
[WhiteElo "2301"]
[BlackElo "1915"]
[Annotator "TA"]
[PlyCount "134"]
[EventDate "2023.01.30"]
[EventType "team-tourn"]
[EventCountry "SRB"]
[SourceTitle "playchess.com"]
[Source "ChessBase"]
[SourceQuality "1"]
[WhiteTeam "Hungary"]
[BlackTeam "Turkey"]
[WhiteTeamCountry "HUN"]
[BlackTeamCountry "TUR"]
[TimeControl "40/5400+30:1800+30"]

1. d4 d5 2. Nf3 Nf6 3. c4 dxc4 4. Qa4+ Nc6 5. Ne5 Qxd4 6. Nxc6 {[%emt 0:00:32] D23: Queen's Gambit Accepted: 3 Nf3 Nf6 sidelines.} ({Much weaker is} 6. Nxc4 e5 7. e3 Qd5 $17) 6... Qd7 {[%emt 0:01:05][%mdl 64] [#] Pin} 7. e4 $146 ({Predecessor:} 7. Qxc4 Qxc6 8. Qxc6+ bxc6 9. g3 e5 10. Bg2 Nd5 11. O-O Bd6 12. Nc3 Be6 13. Rd1 {0-1 Hillmann,M (2101)-Matthey,H (2174) Sachsen-Anhalt-ch 23rd 2013 (3)}) 7... Qxc6 (7... Nxe4 {with more complications.} 8. Bxc4 e6 9. Bxe6 Qxe6 10. Ne5+ Bd7) 8. Qxc6+ {[%emt 0:00:55] Black is slightly better.} bxc6 9. f3 $1 e5 10. Bxc4 Bc5 {[%emt 0:04:41] Inhibits Be3.} 11. Nc3 Nd7 12. Bg5 Nb6 13. Bb3 a5 14. Na4 Bd4 15. Rc1 f6 16. Bd2 Bd7 (16... Kd7 {is more complex.} 17. Bc3 c5 18. Kd2 Ra7) 17. Bc3 (17. Ke2 $15 {should be considered.}) 17... c5 $17 18. Bxd4 cxd4 ({Reject} 18... Nxa4 $6 19. Bxc5 Nxb2 20. Rc2 Nd3+ 21. Kd2 Nxc5 22. Rxc5 $11) 19. Nxb6 cxb6 20. Rc7 Rc8 21. Rb7 b5 (21... Rc1+ $17 22. Bd1 Ke7) 22. Kd2 $15 Ke7 23. Bd5 Rb8 (23... a4 $15) 24. Ra7 $11 Rhc8 25. Rxa5 Rc7 26. Rc1 Rbc8 27. Rxc7 Rxc7 {[%emt 0:00:03][%mdl 4096] Endgame KRB-KRB} 28. a3 Kd6 29. Ra6+ Bc6 30. h4 h6 31. h5 Kd7 $1 32. Rb6 {[%emt 0:02:07] And now Bxc6+ would win.} Bxd5 33. exd5 {[%emt 0:00:07] KR-KR} Rc5 34. Rb7+ Rc7 (34... Kd6 $14) 35. Rxb5 $16 Kd6 36. g4 Rf7 $2 (36... Ra7 $16) 37. a4 $1 $18 f5 38. gxf5 $1 Rxf5 {[%emt 0:00:02] [#]} 39. Ke2 $2 (39. a5 $1 $18 Rxf3 40. a6) 39... Rxh5 $11 40. a5 {[%emt 0:04:36][%cal Ba4a5,Ba5a6,Ba6a7][%mdl 32] Hoping for a6.} Rh2+ 41. Kd3 {[%emt 0:30:35] a6 is the strong threat.} Rf2 $2 {[%emt 0:33:35][%mdl 8192] [#]} (41... Rh1 $1 $11 {and Black is okay.}) 42. a6 $1 $18 Rxf3+ 43. Kc4 {[%emt 0:00:00] White threatens a7 and mate.} Rf8 44. Rb6+ Kd7 45. a7 Rc8+ {[%emt 0:00:00] [#]} 46. Rc6 $1 {[%emt 0:00:00][%mdl 512] Intending Rxc8 and mate.} Ra8 47. Rg6 Rc8+ (47... Kc7 $142 48. Rxg7+ Kb6) 48. Kd3 Ra8 49. Ke4 Kc7 50. Rxg7+ ({Not} 50. Kxe5 d3 $18) 50... Kd6 51. b4 {[%emt 0:01:10][%cal Bb2b4,Bb4b5][%mdl 32] Threatening mate with b5.} Re8 52. Rh7 {[%emt 0:00:50] White mates.} Ra8 53. Rxh6+ Kc7 54. b5 Kb7 55. b6 Rd8 56. Kxe5 d3 57. Rh3 Kxb6 58. Rxd3 Kxa7 59. Rb3 Rh8 60. Kd6 Rh6+ 61. Kc7 Rh7+ 62. Kc6 Rh2 63. d6 Rc2+ 64. Kd7 Rh2 65. Kd8 Rd2 66. d7 Ka6 67. Re3 Ka5 {[%emt 0:00:00] Quite a comeback for White.   Weighted Error Value: White=0.26 (precise) /Black=0.35} 1-0